cohdb
Replays
Latest Replays
All Replays
Popular Replays
Top Player Replays
Match Explorer
How It Works
Community
CoH3 Stats
Reddit
Sign in to upload your games and track your stats! →
Sign in with Steam
Match 38954609
Unlisted
Match 38954609
Overview
Messages
Build Orders
End
Selects Italian Combined Arms Battlegroup
Selects Bersaglieri Squad
Bersaglieri Squad
Panzerpioneer Squad
Bersaglieri Squad
Construct Light Support Kompanie
MG34 Team
MG34 Team
Bersaglieri Squad
Fire Support Elements
Construct Panzerarmee Kommand
Pak 38 Mechanized Group
Selects Semovente da 75/18 Assault Gun
Selects Strafing Run
Walking Stuka Rocket Launcher
Pak 38 Anti-tank Gun Team
Strafing Run
Selects Artillery Cover
Bersaglieri Squad
Walking Stuka Rocket Launcher
2.5-tonne Medical Truck
AI Takeover
SPQR
Dellan Dancing Dirty!
[LTD] Charette
STALKER4732
kit.ohume
Devochkin
0
0
Comments
sign in to comment!
No comments posted yet!